 Dungeon Crawl Stone Soup version 0.30-a0-636-g200c5c4a83 (webtiles) character file.

Game seed: 9964444766518466201

19132 Citaku the Protected (level 12, -13/162 HPs)
             Began as a Minotaur Fighter on Jan 15, 2023.
             Was an Initiate of Gozag.
             Mangled by an orc knight
             ... wielding a +0 battleaxe
              (21 damage)
             ... on level 1 of the Orcish Mines.
             The game lasted 00:24:41 (13429 turns).

Citaku the Protected (Minotaur Fighter)            Turns: 13429, Time: 00:24:42

Health: -13/162    AC: 20    Str: 26    XL:     12   Next: 33%
Magic:  11/11      EV:  8    Int: 10    God:    Gozag
Gold:   1891       SH: 11    Dex: 10    Spells: 11/11 levels left

rFire   . . .      SeeInvis .    d - +0 war axe (heavy)
rCold   . . .      Faith    .    c - +0 buckler
rNeg    + + .      Spirit   .    A - +4 chain mail of the Thunderstorm {rN+ Int+5}
rPois   +          Reflect  +    (helmet restricted)
rElec   .          Harm     .    t - +0 cloak
rCorr   .          Rampage  .    x - +0 pair of gloves
Will    .....                    (no boots) Stlth
                                 l - amulet of reflection
HPRegen 0.47/turn                r - ring of poison resistance
MPRegen 0.12/turn                s - ring of positive energy

@: berserking, gold aura, very quick
A: horns 2, retaliatory headbutt
a: Renounce Religion, Potion Petition, Call Merchant, Bribe Branch


You were on level 1 of the Orcish Mines.
You worshipped Gozag.
Gozag was most pleased with you.
You visited 3 branches of the dungeon, and saw 15 of its levels.

You collected 2807 gold pieces.
You spent 849 gold pieces at shops.
You paid 67 gold pieces to Gozag.

Inventory:

Hand Weapons
 d - a +0 heavy war axe (weapon)
Armour
 c - a +0 buckler (worn)
 t - a +0 cloak (worn)
 x - a +0 pair of gloves (worn)
 A - the +4 chain mail of the Thunderstorm (worn) {rN+ Int+5}
   (You found it on level 5 of the Dungeon)

   Int:       It affects your intelligence (+5).
   rN:        It protects you from negative energy.
Jewellery
 l - an amulet of reflection (around neck)
 r - a ring of poison resistance (left hand)
 s - a ring of positive energy (right hand)
Wands
 q - a wand of roots (12)
 w - a wand of acid (18)
 z - a wand of mindburst (11)
 C - a wand of charming (14)
 H - a wand of flame (9)
Scrolls
 a - 2 scrolls of enchant armour
 f - 5 scrolls of teleportation
 h - 6 scrolls of noise
 o - 3 scrolls of immolation
 y - 2 scrolls of fear
 B - 2 scrolls of poison
 J - 2 scrolls of blinking
Potions
 b - 2 potions of haste
 g - 2 potions of attraction
 j - 2 potions of brilliance
 m - 5 potions of curing
 n - 3 potions of heal wounds
 p - 4 potions of mutation
 u - 3 potions of resistance
 v - 2 potions of cancellation
 E - a potion of flight
 F - 3 potions of lignification


   Skills:
 + Level 10.7 Fighting
 * Level 14.3 Axes
 * Level 14.5 Armour
 + Level 10.7 Shields


You had 11 spell levels left.
You didn't know any spells.
Your spell library contained the following spells:

 Spells                   Type           Power      Damage    Failure   Level
 Apportation              Tloc           0%         N/A       87%         1
 Freeze                   Ice            0%         1d3       87%         1
 Necrotise                Necr           0%         1d4       87%         1
 Summon Small Mammal      Summ           0%         N/A       87%         1
 Blink                    Tloc           0%         N/A       95%         2
 Cigotuvi's Dreadful Rot  Necr/Pois/Air  0%         N/A       95%         2
 Momentum Strike          Conj/Tloc      0%         3d8       95%         2
 Call Canine Familiar     Summ           0%         N/A       99%         3
 Frozen Ramparts          Ice            0%         1d1       99%         3
 Hailstorm                Conj/Ice       0%         3d3       99%         3
 Ignite Poison            Fire/Tmut/Pois 0%         N/A       99%         3
 Lesser Beckoning         Tloc           0%         N/A       99%         3
 Ozocubu's Armour         Ice            0%         N/A       99%         3
 Summon Guardian Golem    Hex/Summ       0%         N/A       99%         3
 Tukima's Dance           Hex            0%         N/A       99%         3
 Vampiric Draining        Necr           0%         2d6       99%         3
 Anguish                  Hex/Necr       0%         N/A       100%        4
 Dispel Undead            Necr           0%         3d6       100%        4
 Passage of Golubria      Tloc           0%         N/A       100%        4
 Sticky Flame             Conj/Fire      0%         2d3       100%        4
 Agony                    Necr           0%         N/A       100%        5
 Alistair's Intoxication  Tmut/Pois      0%         N/A       100%        5
 Metabolic Englaciation   Hex/Ice        0%         N/A       100%        5
 Yara's Violent Unravell  Hex/Tmut       0%         3d3       100%        5
 Death Channel            Necr           0%         N/A       100%        6
 Enfeeble                 Hex            0%         N/A       100%        7
 Ignition                 Fire           0%         3d3       100%        8
 Simulacrum               Ice/Necr       Unusable   N/A       N/A         6

Dungeon Overview and Level Annotations

Branches:
Dungeon (12/15)            Temple (1/1) D:7            Lair (0/5) D:10
    Orc (2/2) D:12            Elf (0/3) Orc:2

Altars:
Ashenzari
Cheibriados
Dithmenos
Elyvilon
Fedhas
Gozag
Hepliaklqana
Kikubaaqudgha
Makhleb
Nemelex Xobeh
Okawaru
Qazlal
Ru
Sif Muna
Trog
Uskayaw
Vehumet
Wu Jian
Xom
Yredelemnul
Zin
The Shining One

Shops:
D:1 !   D:2 (   D:9 (:**   D:12 [

Annotations:
D:8 2 transporters, voshxx's ghost, novice TrFi


Innate Abilities, Weirdness & Mutations

You have a pair of horns on your head.
You reflexively headbutt those who attack you in melee.


Message History

You feel much better.
The orc knight hits you with a +0 battleaxe!!
The orc warlord hits you with a +2 battleaxe!
You hear a shout!
A red film seems to cover your vision as you go berserk!
You feel yourself moving faster!
You feel mighty!
The orc knight hits you with a +0 battleaxe!
You block the orc warlord's attack.
You slice the orc warlord!!
The orc warlord is moderately wounded.
You closely miss the orc knight. You closely miss something.
You block the orc knight's attack. You block the orc warlord's attack.
Something hits you but does no damage.
You slice the orc warlord!! You headbutt the orc warlord.
The orc warlord is heavily wounded.
You hit the orc knight. You slash something! You block the orc knight's attack.
The orc warlord hits you with a +2 battleaxe!!
* * * LOW HITPOINT WARNING * * *
Something hits you but does no damage.
You barely miss the orc warlord. You headbutt the orc warlord!
The orc warlord is severely wounded.
You miss something. You slash the orc knight!
The orc warlord hits you with a +2 battleaxe.
* * * LOW HITPOINT WARNING * * *
The orc knight hits you with a +0 battleaxe!
* * * LOW HITPOINT WARNING * * *
Something hits you.
* * * LOW HITPOINT WARNING * * *
You slice the orc warlord!!
The orc warlord is almost dead.
You closely miss the orc knight. You barely miss something.
You are too berserk!
You hit the orc warlord but do no damage.
The orc warlord is almost dead.
You closely miss the orc knight. You slash something!
Reactivating autopickup.
You feel a bit more experienced.
The orc knight hits you with a +0 battleaxe!!
You die...
Your body crumbles into a pile of gold.

### ##.## #...## ###
##..o## ##.. ##.$@#### #...
##o$##.## #... ##.......#
##..# #........## ##...#
#####.#......# ##....#
##.###.#......#####.....#
##..............##.#....©#
##.#............#.........#
#....#....................#


You could see an orc warlord (strong) and an orc knight (strong).

Vanquished Creatures
  2 slime creatures (D:12)
  Josephine (Orc:1)
  A two-headed ogre (D:12)
  The ghost of Enim the Thaumaturge, a journeyman DjFE of Hepliaklqana (Orc:1)
  The ghost of anet the Covert, a novice GnDe of Sif Muna (D:7)
  The ghost of Majang the Grappler, a novice VSFi (D:7)
  3 orc knights
  2 orc sorcerers (Orc:1)
  2 oklob plants (D:10)
  A cyclops (D:10)
  The ghost of Leissi the Cudgeller, a novice GrRe of Uskayaw (D:7)
  The ghost of WienerDreamer the Trooper, a novice HOFi of Uskayaw (D:7)
  The ghost of BaabKaare the Chopper, a novice HuFi (D:3)
  2 unseen horrors
  Maggie (D:6)
  2 komodo dragons
  4 trolls
  2 hornets
  4 wraiths
  11 yaks
  A shadow (D:10)
  3 vampires
  A wyvern (D:9)
  3 steam dragons
  2 wargs (Orc:1)
  Menkaure (D:7)
  5 acid dragons
  A water moccasin (D:7)
  A black bear (D:6)
  A sky beast (D:4)
  4 orc warriors
  5 ogres
  7 centaurs
  2 phantoms
  5 bullfrogs
  A kobold brigand (D:8)
  2 scorpions
  19 killer bees
  4 howler monkeys
  A vampire bat (D:4)
  4 hounds
  3 jellies
  4 orc priests
  2 gnoll boudas
  2 iguanas (D:6)
  14 orc wizards
  12 gnolls
  8 adders
  2 hound simulacra (D:3)
  A white imp (D:5)
  An ufetubus (D:4)
  2 worms
  3 dart slugs
  3 fire bats (D:4)
  An adder simulacrum (D:3)
  42 orcs
  2 spectral bats (D:4)
  13 bats
  4 bat skeletons
  A bat zombie (D:4)
  9 endoplasms
  5 giant cockroaches
  5 hobgoblins
  A jackal (D:1)
  4 quokkas
  7 ball pythons
  A ball python skeleton (D:2)
  A ball python zombie (D:2)
  A bat simulacrum (D:4)
  A frilled lizard (D:2)
  A giant cockroach simulacrum (D:3)
  8 goblins
  11 kobolds
  4 rats (D:1)
296 creatures vanquished.

Vanquished Creatures (others)
  A kobold (D:8)
  A fungus (Orc:2)
  3 plants (D:10)
  2 withered plants (D:2)
7 creatures vanquished.

Grand Total: 303 creatures vanquished

Notes
Turn   | Place    | Note
-------+----------+-------------------------------------------
     0 | D:1      | Citaku the Minotaur Fighter began the quest for the Orb.
     0 | D:1      | Reached XP level 1. HP: 19/19 MP: 0/0
   118 | D:1      | Found Nufa's Distillery.
   187 | D:1      | Reached XP level 2. HP: 25/27 MP: 1/1
   848 | D:2      | Found Ynedic's Antique Weapon Shoppe.
   899 | D:2      | Reached XP level 3. HP: 33/33 MP: 2/2
  1353 | D:2      | Reached XP level 4. HP: 40/40 MP: 3/3
  1660 | D:3      | Found a runed translucent gate.
  1660 | D:3      | Found a runed translucent gate.
  1660 | D:3      | Found a runed translucent gate.
  1754 | D:3      | Noticed BaabKaare's ghost (novice HuFi)
  1966 | D:3      | Reached skill level 5 in Armour
  1966 | D:3      | Reached XP level 5. HP: 43/46 MP: 4/4
  2013 | D:3      | Found a broken altar of Ashenzari.
  2465 | D:4      | Found a shimmering blue altar of Sif Muna.
  2524 | D:4      | Noticed a sky beast
  2547 | D:4      | Killed a sky beast
  2548 | D:4      | Reached XP level 6. HP: 18/53 MP: 5/5
  2698 | D:4      | Found a glowing golden altar of the Shining One.
  2715 | D:4      | Reached skill level 5 in Axes
  2756 | D:4      | Found a large runed translucent door.
  2756 | D:4      | Found a large runed translucent door.
  3086 | D:4      | Reached skill level 5 in Fighting
  3086 | D:4      | Reached skill level 5 in Shields
  3230 | D:4      | Reached XP level 7. HP: 61/61 MP: 6/6
  3409 | D:4      | Found a radiant altar of Vehumet.
  3414 | D:4      | Found an opulent altar of Gozag.
  3418 | D:4      | Became a worshipper of Gozag Ym Sagoz the Greedy
  3454 | D:5      | Entered Level 5 of the Dungeon
  4022 | D:5      | Identified the +4 chain mail of the Thunderstorm {rN+
                  | Int+5}
  4621 | D:6      | Reached XP level 8. HP: 56/70 MP: 7/7
  4679 | D:6      | Noticed Maggie
  4691 | D:6      | Killed Maggie
  5026 | D:6      | Found a shimmering altar of Xom.
  5459 | D:7      | Noticed Menkaure
  5469 | D:7      | Killed Menkaure
  5739 | D:7      | Reached XP level 9. HP: 74/78 MP: 8/8
  5847 | D:7      | Found a runed translucent gate.
  5847 | D:7      | Found a runed translucent gate.
  5847 | D:7      | Found a runed translucent gate.
  5848 | D:7      | Noticed Majang's ghost (novice VSFi)
  5848 | D:7      | Noticed WienerDreamer's ghost (novice HOFi)
  5849 | D:7      | Noticed anet's ghost (novice GnDe)
  5849 | D:7      | Noticed Leissi's ghost (novice GrRe)
  5912 | D:7      | Found a staircase to the Ecumenical Temple.
  5951 | Temple   | Entered the Ecumenical Temple
  6244 | D:8      | Identified the +5 quarterstaff of Cofal {flame, rPois rF++
                  | rC- SInv}
  6355 | D:8      | Found a transporter.
  6355 | D:8      | Noticed a centaur warrior
  6356 | D:8      | Noticed voshxx's ghost (novice TrFi)
  6376 | D:8      | Noticed a two-headed ogre
  6694 | D:8      | Found a transporter.
  6715 | D:8      | Reached skill level 10 in Armour
  6727 | D:8      | Reached skill level 10 in Axes
  7221 | D:1      | Bought a potion of curing for 42 gold pieces
  7221 | D:1      | Bought a potion of mutation for 112 gold pieces
  7221 | D:1      | Bought a potion of might for 56 gold pieces
  7221 | D:1      | Bought a potion of berserk rage for 70 gold pieces
  7502 | D:3      | Killed BaabKaare's ghost
  7503 | D:3      | Reached XP level 10. HP: 77/88 MP: 9/9
  7676 | D:7      | Killed Majang's ghost
  7677 | D:7      | Killed WienerDreamer's ghost
  7688 | D:7      | Killed Leissi's ghost
  7689 | D:7      | Killed anet's ghost
  8064 | D:9      | Found Ziblaamu's Assorted Antiques.
  8072 | D:9      | Bought a scroll of identify for 34 gold pieces
  8072 | D:9      | Bought a scroll of identify for 34 gold pieces
  8072 | D:9      | Bought a glowing golden amulet for 85 gold pieces
  8461 | D:9      | Found Ujuust's Book Boutique.
  8569 | D:9      | Found Douphuo's Assorted Antiques.
  8580 | D:9      | Bought a scroll of fear for 128 gold pieces
  8580 | D:9      | Bought a potion of berserk rage for 160 gold pieces
  8580 | D:9      | Bought a potion of might for 128 gold pieces
  8595 | D:9      | Found a stormy altar of Qazlal.
  8671 | D:9      | Found Plog's Weapon Boutique.
  8924 | D:10     | Entered Level 10 of the Dungeon
  8930 | D:10     | Found a glowing silver altar of Zin.
  9040 | D:10     | Noticed an oklob plant
  9059 | D:10     | Found a staircase to the Lair.
  9131 | D:10     | Noticed an oklob plant
  9140 | D:10     | Killed an oklob plant
  9141 | D:10     | Reached XP level 11. HP: 65/97 MP: 10/10
  9247 | D:10     | Killed an oklob plant
 11491 | D:12     | Noticed an orc knight
 11505 | D:12     | Killed an orc knight
 11509 | D:12     | Found a staircase to the Orcish Mines.
 11582 | D:12     | Found Qaipet's Armour Shop.
 11987 | D:12     | Noticed a two-headed ogre
 11996 | D:12     | Killed a two-headed ogre
 11997 | D:12     | Reached skill level 10 in Fighting
 11997 | D:12     | Reached skill level 10 in Shields
 12456 | D:12     | Identified the +1 robe "Difah" {rN+ Int+4}
 12572 | Orc:1    | Entered Level 1 of the Orcish Mines
 12599 | Orc:1    | Noticed an orc sorcerer
 12601 | Orc:1    | Found a transporter.
 12601 | Orc:1    | Noticed Enim's ghost (journeyman DjFE)
 12606 | Orc:1    | Noticed an orc knight
 12607 | Orc:1    | Found a transporter.
 12715 | Orc:1    | Noticed Josephine
 12730 | Orc:1    | Killed Josephine
 12731 | Orc:1    | Reached XP level 12. HP: 39/107 MP: 11/11
 13176 | Orc:1    | Killed Enim's ghost
 13334 | Orc:2    | Entered Level 2 of the Orcish Mines
 13334 | Orc:2    | Found a staircase to the Elven Halls.
 13409 | Orc:2    | Noticed an orc warlord
 13427 | Orc:1    | HP: 7/162 [something (6)]
 13429 | Orc:1    | Mangled by an orc knight

Illustrated notes

Levels and vault maps discovered:
D:1:      matt_arrival_diagonals, layout_basic, serial_shops, shop,
          minmay_vboxes
D:2:      layout_loops_cross, serial_undead, serial_undead_b, serial_undead_c,
          serial_undead_a, serial_undead_e, serial_shops, shop_fountains,
          st_stairs_5, kennysheep_generic_room_12
D:3:      layout_basic, mainiacjoe_overflow_catwalk, gammafunk_ghost_icy
D:4:      layout_loops_cross, mainiacjoe_overflow_brackets, led_sif_pool,
          jmf_multi_god_temple2, minivault_14, hangedman_glass_teeth,
          goddamned_bats
D:5:      layout_basic, minmay_liquid_box
D:6:      layout_basic, xom_butterflies, patterned_corridor, uniq_maggie
D:7:      layout_rooms, minmay_temple_entry_purple_smoke,
          gammafunk_ghost_cemetery, minmay_misc_feat_iff, uniq_menkaure
D:8:      layout_gridville, nzn_ghost_randoct, nicolae_nh_ransacked_shop
D:9:      layout_rooms, nicolae_qazlal_eye_of_the_storm, serial_shops,
          nicolae_shop_advertising_works [nicolae_subvault_shop_adworks], shop,
          shop, nicolae_take_the_stairs
D:10:     layout_roguey, zin_statuary, dpeg_oklobed_lair,
          grunt_decor_mini_mirrors, dreamdust_princess_bridge,
          kennysheep_generic_room_13
D:11:     layout_grid_maze
D:12:     layout_roguey, orc_david_3, wad_floor_pattern_untrapped,
          amcnicky_mini_rare_corridor_liquid, library_closet,
          kennysheep_generic_room_14
Temple:   nicolae_temple_ecumenical_triangle
Orc:1:    layout_caves, basic_altar, gammafunk_ghost_arena,
          nicolae_orc_lava_room, uniq_josephine
Orc:2:    grunt_orc_gardens, layout_caves, grunt_orc_garden, grunt_orc_garden,
          grunt_orc_garden, grunt_orc_garden, uniq_urug, uniq_rupert

Skill      XL: |  1  2  3  4  5  6  7  8  9 10 11 12 |
---------------+-------------------------------------+-----
Armour         | 4 5 6 7 8 10 12 14 | 14.5
Axes           | 3 4 5 6 8 10 12 13 14 | 14.3
Fighting       | 4 5 6 8 9 10 | 10.7
Shields        | 4 5 6 7 9 10 | 10.7

Action                   |  1- 3 |  4- 6 |  7- 9 | 10-12 || total
-------------------------+-------+-------+-------+-------++-------
Melee: War axe           |    81 |   147 |   237 |   283 ||   748
       Headbutt          |    15 |    19 |    41 |    52 ||   127
  Use: Potion            |       |     1 |     3 |    14 ||    18
       Scroll            |       |       |    11 |    14 ||    25
 Stab: Distracted        |       |       |     1 |     4 ||     5
Armor: Scale mail        |    33 |    89 |     1 |       ||   123
       Plate armour      |       |       |    15 |       ||    15
       Chain mail        |       |       |   119 |   204 ||   323
Dodge: Dodged            |    29 |    84 |   104 |    85 ||   302
Block: Buckler           |    32 |   107 |   135 |   169 ||   443
       Reflection        |       |       |     7 |     7 ||    14

Table legend: (Time is in decaauts)
 A = Elapsed time spent in this place.
 B = Non-inter-level travel time spent in this place.
 C = Inter-level travel time spent in this place.
 D = Time resting spent in this place.
 E = Time spent auto-exploring this place.
 F = Levels seen in this place.
 G = Mean time per level.
                   A        B        C        D        E       F      G
               +--------+--------+--------+--------+--------+-----+--------+
         Total |  13683 |  13135 |    548 |   1696 |   8872 |  15 |  912.2 |
       Dungeon |  12746 |  12199 |    547 |   1424 |   8461 |  12 | 1062.2 |
        Temple |     44 |     44 |      0 |      0 |     18 |   1 |   44.0 |
  Orcish Mines |    892 |    892 |      0 |    272 |    393 |   2 |  446.0 |
               +--------+--------+--------+--------+--------+-----+--------+

Top non-repeatable levels by time:
    D:11: 1445 daAuts
    D:12: 1256 daAuts
     D:6: 1234 daAuts
     D:4: 1141 daAuts
     D:8: 1071 daAuts
     D:7: 1039 daAuts
     D:3: 1024 daAuts
     D:1: 994 daAuts
    D:10: 993 daAuts
     D:9: 881 daAuts
   Orc:1: 875 daAuts
     D:2: 838 daAuts
     D:5: 826 daAuts
  Temple: 44 daAuts
   Orc:2: 17 daAuts
